 Dungeon Crawl Stone Soup version 0.29.1-12-g30fa7ad0bf (webtiles) character file.

Game seed: 12030887616681766126

3 thatblackman the Caller (level 1, -1/13 HPs)
             Began as a Vampire Summoner on Jan 13, 2023.
             Slain by a hobgoblin (5 damage)
             ... on level 1 of the Dungeon.
             The game lasted 00:01:12 (90 turns).

thatblackman the Caller (Vampire Summoner)            Turns: 90, Time: 00:01:13

Health: -1/13      AC:  2    Str:  7    XL:     1   Next: 41%
Magic:  2/3        EV: 12    Int: 17    God:
Gold:   21         SH:  0    Dex: 14    Spells: 3/4 levels left

rFire   . . .      SeeInvis +   (no weapon)
rCold   . . .      Faith    .   (no shield)
rNeg    . . .      Spirit   .   a - +0 robe
rPois   .          Reflect  .   (no helmet)
rElec   .          Harm     .   (no cloak)
rCorr   .          Rampage  .   (no gloves)
Will    .....                   (no boots)
Stlth   ++........              (no amulet)
HPRegen 0.24/turn               (no ring)
MPRegen 0.08/turn               (no ring)

@: healing quickly
A: alive, fangs 3, see invisible, vampiric 1
a: Exsanguinate


You were on level 1 of the Dungeon.
You visited 1 branch of the dungeon, and saw 1 of its levels.

You collected 21 gold pieces.

Inventory:

Armour
 a - a +0 robe (worn)
Scrolls
 c - a scroll of amnesia {unknown}
Potions
 b - a potion of magic


   Skills:
 + Level 2.2 Dodging
 + Level 3.0 Stealth
 + Level 2.0 Spellcasting
 + Level 4.1 Summonings


You had 3 spell levels left.
You knew the following spells:

 Your Spells              Type           Power      Damage    Failure   Level
a - Summon Small Mammal   Summ           60%        N/A       3%          1

Your spell library contained the following spells:

 Spells                   Type           Power      Damage    Failure   Level
 Call Imp                 Summ           15%        N/A       5%          2
 Call Canine Familiar     Summ           15%        N/A       11%         3
 Summon Guardian Golem    Hex/Summ       8%         N/A       24%         3
 Summon Lightning Spire   Summ/Air       8%         N/A       63%         4


Dungeon Overview and Level Annotations

Branches:
Dungeon (1/15)

Altars:


Innate Abilities, Weirdness & Mutations

Your natural rate of healing is accelerated.
You have razor-sharp teeth.
You have supernaturally acute eyesight. (SInv)
You are afflicted with vampirism.


Message History

The giant cockroach bites you but does no damage.
Your rat barely misses the giant cockroach.
Your rat disappears in a puff of smoke!
The giant cockroach bites you.
You hit the giant cockroach.
You kill the giant cockroach!
You see here a ball python corpse.
Okay, then.
Okay, then.
You are already empty-handed.
A hobgoblin comes into view.
Found a stone staircase leading down.
The hobgoblin shouts!
An endoplasm comes into view.
Casting: Summon Small Mammal (safe; 3% risk of failure)
Confirm with . or Enter, or press ? or * to list all spells.
The hobgoblin barely misses you.
Your rat bites the hobgoblin but does no damage.
Casting: Summon Small Mammal (safe; 3% risk of failure)
Confirm with . or Enter, or press ? or * to list all spells.
The hobgoblin closely misses you. The hobgoblin attacks as you move away!
The hobgoblin hits you.
Your quokka bites the hobgoblin but does no damage.
Your rat bites the hobgoblin.
The hobgoblin hits your quokka. The hobgoblin attacks as you move away!
The hobgoblin barely misses you.
Your quokka bites the hobgoblin but does no damage.
The hobgoblin attacks as you move away! The hobgoblin hits you.
Your rat bites the hobgoblin.
Your quokka barely misses the hobgoblin.
The hobgoblin hits you. Something misses your quokka.
The hobgoblin attacks as you move away! The hobgoblin completely misses you.
Your quokka misses the hobgoblin. The hobgoblin closely misses you.
Your quokka closely misses the hobgoblin.
Your rat barely misses the hobgoblin.
The endoplasm closely misses your quokka.
Your rat closely misses the hobgoblin.
The hobgoblin attacks as you move away! The hobgoblin barely misses you.
The hobgoblin attacks as you move away! The hobgoblin hits you.
The hobgoblin attacks as you move away! The hobgoblin hits you.
You die...

###.....# #.......#
###><###############.....#
..............#..........#.
#......##..##.#...........#
..............#..J..####.##
#......######.#..rr.# ##
..............#.....#
#############.#.gg..#
#....@...#.##.#
#..............
##########.#### .# #


You could see an endoplasm, 2 hobgoblins, a friendly quokka (summoned) and a
friendly rat (summoned).

Vanquished Creatures
  A giant cockroach (D:1)
1 creature vanquished.

Vanquished Creatures (collateral kills)
  An endoplasm (D:1)
  A ball python (D:1)
2 creatures vanquished.

Grand Total: 3 creatures vanquished

Notes
Turn   | Place    | Note
-------+----------+-------------------------------------------
     0 | D:1      | thatblackman the Vampire Summoner began the quest for the
                  | Orb.
     0 | D:1      | Reached XP level 1. HP: 13/13 MP: 3/3
    90 | D:1      | Slain by a hobgoblin

Illustrated notes

Levels and vault maps discovered:
D:1:      dpeg_arrival_line_fractal, layout_loops_cross, minmay_tetromino_i2

Action                   || total
-------------------------++-------
Melee: Unarmed           ||     1
 Cast: Summon Small Mamm ||     3
Armor: Robe              ||     3
Dodge: Dodged            ||    11
